Cogmind - Beta 17 @@@ ROGUE MODE // 2026.07.11 @ 09:01:20 Player: ldi (hl). (hl) Result: Destroyed by ER-ZUW(R) with Subdweller Machine Gun Performance ------------- Evolutions (0) 0 Regions Visited (3) 600 Robots Destroyed (29) 145 Value Destroyed (644) 644 Prototype IDs (3) 60 Alien Tech Used (0) 0 Bonus (0) 0 TOTAL SCORE: 1449 Bonus ------- None Cogmind --------- Core Integrity 0/250 Matter 278/300 Energy 124/160 System Corruption 0% Temperature Cool (6) Movement Walking (120) Location -10/Subcaves Parts ------- > --- POWER (1) -------- Light Nuclear Core > --- PROPULSION (2) --- Aluminum Leg Aluminum Leg > --- UTILITY (2) ------ Small Storage Unit > --- WEAPON (2) ------- Subdweller Laser Subdweller Laser > --- INVENTORY (8) ---- Subdweller Power Source Aluminum Leg Aluminum Leg Aluminum Leg High-capacity Matter Pod (200) Assault Rifle Light Assault Rifle Scrap Shield Fragment (45) Peak State ------------ > --- POWER ------------ Light Nuclear Core > --- PROPULSION ------- Aluminum Leg Aluminum Leg > --- UTILITY ---------- Heat Sink Small Storage Unit > --- WEAPON ----------- Subdweller Laser Light Assault Rifle > --- INVENTORY -------- Subdweller Power Source Aluminum Leg Aluminum Leg Aluminum Leg High-capacity Matter Pod Subdweller Laser Assault Rifle Scrap Shield Fragment [Rating: 11] Favorites ----------- Power Light Nuclear Core Engine Ion Engine Power Core Light Nuclear Core Propulsion Aluminum Leg Leg Aluminum Leg Utility Small Storage Unit Device Heat Sink Storage Small Storage Unit Protection Utility Shielding Weapon Light Assault Rifle Energy Gun EM Pulse Gun Ballistic Gun Light Assault Rifle Build | -11 -10 -10 -10 ------- Run | Yrd Mat Min Sub Slots Evolved . | . . . . Power . | . . . . Propulsion . | . . . . Utility . | . . . . Weapon . | . . . . Parts Attached 18 | 6 1 7 4 Power 2 | 1 . 1 . Engine 1 | 1 . . . Core 1 | . . 1 . Reactor . | . . . . Propulsion 4 | 2 . 2 . Treads . | . . . . Leg 4 | 2 . 2 . Wheel . | . . . . Hover . | . . . . Flight . | . . . . Utility 3 | 1 1 1 . Device 1 | . . 1 . Storage 1 | 1 . . . Processor . | . . . . Hackware . | . . . . Protection 1 | . 1 . . Artifact . | . . . . Weapon 9 | 2 . 3 4 Energy Gun 4 | 2 . . 2 Energy Cannon . | . . . . Ballistic Gun 5 | . . 3 2 Ballistic Cannon . | . . . . Launcher . | . . . . Special Weapon . | . . . . Impact Weapon . | . . . . Slashing Weapon . | . . . . Piercing Weapon . | . . . . Special Melee Weapon . | . . . . Unidentified Prototypes . | . . . . Parts Lost 3 | . . 2 1 Power . | . . . . Propulsion . | . . . . Utility 1 | . . . 1 Weapon 2 | . . 2 . Highest Loss Streak 1 | . . 1 1 To Critical Strikes . | . . . . Average Backups 6 | 1 4 7 7 Power . | . 1 1 1 Propulsion 2 | . 1 2 3 Utility . | . . 1 1 Weapon 2 | 1 1 2 2 Tool/Special . | . . . . Unused Backups 9 | . . 2 7 Power 3 | . . . 3 Propulsion 3 | . . . 3 Utility 2 | . . 1 1 Weapon 1 | . . 1 . Tool/Special . | . . . . Average Slot Usage (%) 97 | . 85 98 99 Engine 5 | . 14 8 . Core 8 | . . 5 14 Leg 28 | . 28 28 28 Device 12 | . . 13 13 Storage 14 | . 14 14 14 Energy Gun 5 | . 28 3 3 Ballistic Gun 22 | . . 24 24 Peak Build Rating 11 | 6 7 9 11 Average Rating 8 | 3 6 7 10 On Entrance 5 | . 6 6 9 Avg Prop Armor Cover (%) . | . . . . Naked Turns . | . . . . Heaviest Build 16 | 14 15 15 16 Greatest Support 20 | 20 20 20 20 Greatest Overweight (x) . | . . . . Average Overweight (x) . | . . . . Largest Inventory Capacity 8 | 8 8 8 8 Average Capacity 7 | 6 8 8 8 Most Carried 8 | 4 5 8 8 Average Carried 7 | 2 4 7 7 Final Capacity 8 | 8 8 8 8 Final Carried 8 | 2 5 8 8 Class Distribution -------------------- 78% | Scavenger-Mutant 21% | Mutant Dominant Class ---------------- Mutant | -10/Materials Scavenger-Mutant | -10/Mines Scavenger-Mutant | -10/Subcaves Resources | -11 -10 -10 -10 ----------- Run | Yrd Mat Min Sub Matter Collected 691 | 147 95 381 68 Remotely . | . . . . Salvage Created 990 | . 95 564 331 Parts 55 | . 1 38 16 Haulers Intercepted . | . . . . Recyclers Shooed . | . . . . Parts Field Recycled . | . . . . Retrieved Matter . | . . . . Parts Self-Destructed 5 | . . . 5 Prevented . | . . . . Parts Restored . | . . . . Kills | -11 -10 -10 -10 ------- Run | Yrd Mat Min Sub Combat Hostiles Destroyed 23 | . . 16 7 Guns 21 | . . 15 6 Classes Destroyed 7 | . 1 5 1 Worker 3 | . . 3 . Builder 1 | . . 1 . Tunneler 1 | . . 1 . Recycler 1 | . 1 . . Swarmer 10 | . . 10 . Grunt 6 | . . 6 . Subdweller 7 | . . . 7 Best Kill Streak 6 | . 1 6 2 Combat Bots Only 4 | . . 4 2 Max Kills in Single Turn 2 | . 1 2 1 Gunslinging . | . . . . Exploded . | . . . . Melee . | . . . . Uniques/NPCs Destroyed . | . . . . Combat | -11 -10 -10 -10 -------- Run | Yrd Mat Min Sub Hostile Shots Fired 102 | . 10 62 30 Missed 32 | . 6 19 7 Hits 70 | . 4 43 23 Projectile 70 | . 4 43 23 Critical Strikes 2 | . . . 2 Damage Taken 969 | . 44 429 496 Core 254 | . 12 84 158 Absorbed by Shields . | . . . . Core Remaining (%) 100 | 100 . . . Volleys Fired 93 | . 5 44 44 Largest 2 | . 2 2 2 Hottest 120 | . 80 80 120 Shots Fired 179 | . 10 86 83 Gun 179 | . 10 86 83 Cannon . | . . . . Launcher . | . . . . Special . | . . . . Kinetic 115 | . . 60 55 Thermal 28 | . . . 28 Explosive . | . . . . Electromagnetic 36 | . 10 26 . Robot Hit Streak 30 | . 4 12 30 Robot Miss Streak 3 | . 1 3 2 Penetration Max . | . . . . Secondary Targets 2 | . . 2 . Max Gunslinging Chain 1 | . . 1 . Shots Hit Robots 105 | . 7 49 49 Core Hits 47 | . 1 30 16 Critical Kills 1 | . . 1 . Critical Parts Destroyed . | . . . . Critical Strikes 3 | . 1 2 . Destroy 1 | . . 1 . Corrupt 2 | . 1 1 . Melee Attacks . | . . . . Impact . | . . . . Slashing . | . . . . Piercing . | . . . . Sneak Attacks . | . . . . Combat Hostiles . | . . . . Follow-up Attacks . | . . . . Damage Inflicted 1151 | 4 173 513 461 Guns 1098 | . 129 508 461 Cannons . | . . . . Explosions 44 | . 44 . . Melee . | . . . . Ramming 9 | 4 . 5 . Kinetic 507 | . . 275 232 Thermal 273 | . 44 . 229 Explosive . | . . . . Electromagnetic 362 | . 129 233 . Impact . | . . . . Slashing . | . . . . Piercing . | . . . . Highest Corruption . | . . . . Average Corruption . | . . . . Corruption Purged . | . . . . Corruption Blocked . | . . . . Overload Shots . | . . . . Overflow Damage 19 | . 19 . . Projectiles . | . . . . Explosions 19 | . 19 . . Melee . | . . . . Knockbacks . | . . . . Impact . | . . . . Kinetic . | . . . . Secondary . | . . . . Self-Inflicted Damage . | . . . . Shots . | . . . . Rammed . | . . . . Targets Rammed 7 | 1 . 6 . Kicked 7 | 1 . 6 . Crushed . | . . . . Highest Temperature 153 | . 90 153 10 Average Temperature 60 | . 47 87 5 Received Heat Transfer 222 | . 24 108 90 Siege Activations . | . . . . Martial Activations . | . . . . Shielding Activations . | . . . . Robots Disrupted . | . . . . Combat Hostiles . | . . . . Robots Corrupted 1 | . . 1 . Combat Hostiles 1 | . . 1 . Parts Fried 1 | . . 1 . Impact Corruptions . | . . . . Robots Melted . | . . . . Combat Hostiles . | . . . . Parts Melted 2 | . . . 2 Heat Transferred 325 | . 50 . 275 Parts Sabotaged . | . . . . Parts Stolen . | . . . . Parts Stripped . | . . . . Power Chain Reactions 1 | . 1 . . Alert | -11 -10 -10 -10 ------- Run | Yrd Mat Min Sub Maximum Alert Level . | . . . . Low Security (%) 100 | 100 100 100 . Level 1 . | . . . . Level 2 . | . . . . Level 3 . | . . . . Level 4 . | . . . . Level 5 . | . . . . High Security . | . . . . Max Security . | . . . . Peak Influence 198 | . 54 198 . Initial 4 | . . 4 . Average 106 | . 23 128 . Influence Increases 523 | . 63 460 . Destroy 0b10 Robot/C 320 | . . 320 . Destroy 0b10 Robot/NC 30 | . 5 25 . Destroy Leader 70 | . . 70 . Successful Hack 54 | . 54 . . Destroy Structure 4 | . 4 . . Lose Combat Pursuer 45 | . . 45 . Influence Decreases 523 | . 50 409 64 Entered New Map 43 | . . 9 34 Time Decay 460 | . 50 380 30 Lost Part 20 | . . 20 . Squads Dispatched 2 | . 1 1 . Investigation 1 | . 1 . . Extermination . | . . . . Reinforcement . | . . . . Assault 1 | . . 1 . Garrison . | . . . . Intercept . | . . . . Searches Triggered . | . . . . Construction Impeded . | . . . . Haulers Reinforced . | . . . . Active Scanning Responses . | . . . . Cargo Convoy Interrupts . | . . . . Stealth | -11 -10 -10 -10 --------- Run | Yrd Mat Min Sub Distress Signals . | . . . . Communications Jammed . | . . . . Distress Signals . | . . . . Times Spotted 33 | . 5 20 8 Peak Tracking Total 4 | . 4 4 3 Tactical Retreats 3 | . . 3 . Traps | -11 -10 -10 -10 ------- Run | Yrd Mat Min Sub Traps Triggered . | . . . . Indirectly . | . . . . Trap Hack Attempts . | . . . . Triggered . | . . . . Disarmed . | . . . . Reprogrammed . | . . . . Reused . | . . . . Traps Extracted . | . . . . Installed . | . . . . Triggered . | . . . . Machines | -11 -10 -10 -10 ---------- Run | Yrd Mat Min Sub Machines Disabled . | . . . . Max in Single Turn . | . . . . Machines Repaired . | . . . . Machines Dismantled . | . . . . Machines Sabotaged . | . . . . Overloaded Fab Kills . | . . . . Hacking | -11 -10 -10 -10 --------- Run | Yrd Mat Min Sub Machines Accessed 2 | . 2 . . Terminals 2 | . 2 . . Fabricators . | . . . . Repair Stations . | . . . . Recycling Units . | . . . . Scanalyzers . | . . . . Garrison Access . | . . . . Total Hacks 7 | . 7 . . Successful 6 | . 6 . . Failed 1 | . 1 . . Catastrophic . | . . . . Database Lockouts . | . . . . Manual 3 | . 3 . . Terminals 7 | . 7 . . Fabricators . | . . . . Repair Stations . | . . . . Recycling Units . | . . . . Scanalyzers . | . . . . Garrison Access . | . . . . Terminal Hacks 4 | . 4 . . Robot Analysis 2 | . 2 . . Prototype ID Bank 1 | . 1 . . Terminal Index 1 | . 1 . . Fabricator Hacks . | . . . . Repair Station Hacks . | . . . . Recycling Unit Hacks . | . . . . Scanalyzer . | . . . . Garrison Access Hacks . | . . . . Unauthorized Hacks 2 | . 2 . . Terminals 2 | . 2 . . Track 1 | . 1 . . Botnet 1 | . 1 . . Fabricators . | . . . . Repair Stations . | . . . . Recycling Units . | . . . . Scanalyzers . | . . . . Garrison Access . | . . . . Data Cores Recovered . | . . . . Used . | . . . . Hacking Detections 2 | . 2 . . Full Trace Events 1 | . 1 . . Feedback Events . | . . . . Feedback Blocked . | . . . . Robot Schematics Acquired . | . . . . Robots Built . | . . . . Authchips . | . . . . Time . | . . . . Total Robot Build Rating . | . . . . Part Schematics Acquired . | . . . . Parts Built . | . . . . Authchips . | . . . . Time . | . . . . Total Part Build Rating . | . . . . Part Studies Acquired . | . . . . Parts Repaired . | . . . . Time . | . . . . Parts Recycled . | . . . . Recycled Matter . | . . . . Retrieved Matter . | . . . . Retrieved Components . | . . . . Parts Scanalyzed . | . . . . Part Schematics Acquired . | . . . . Parts Damaged . | . . . . Bothacking | -11 -10 -10 -10 ------------ Run | Yrd Mat Min Sub Used RIF Installer . | . . . . Robots Hacked . | . . . . Non-combat . | . . . . Combat . | . . . . Robot Hacks Applied . | . . . . Relay Couplers Released . | . . . . Fabnet Peak Effective % . | . . . . Robots Rewired . | . . . . Allies Hacked . | . . . . Hacks Repelled . | . . . . Allies | -11 -10 -10 -10 -------- Run | Yrd Mat Min Sub Total Allies 1 | . . 1 . Largest Group 1 | . . 1 . Highest-Rated Group 31 | . . 31 . Highest-Rated Ally 31 | . . 31 . Total Orders . | . . . . Ally Attacks . | . . . . Total Damage . | . . . . Kills . | . . . . Allies Corrupted . | . . . . Allies Melted . | . . . . Intel | -11 -10 -10 -10 ------- Run | Yrd Mat Min Sub Active Infowar (turns) . | . . . . Robot Analysis Total 2 | . 2 . . Derelict Logs Recovered 3 | . . 1 2 Drone Launches . | . . . . Drone Recoveries . | . . . . Exploration | -11 -10 -10 -10 ------------- Run | Yrd Mat Min Sub Turns Passed 1959 | 59 160 891 849 Spaces Moved 1361 | 42 117 614 588 Core 5 | 5 . . . Treads . | . . . . Legs 1356 | 37 117 614 588 Wheels . | . . . . Hover . | . . . . Flight . | . . . . Fastest Speed 50 | 50 120 120 120 Average Speed 119 | 111 120 120 120 Slowest Speed 120 | 120 120 120 120 Overloaded Moves . | . . . . Propulsion Burnouts . | . . . . Robots Hopped . | . . . . Potential Cave-ins . | . . . . Cave-ins Triggered . | . . . . Exploration Rate (%) 38 | 4 22 96 31 Regions Visited 3 Branch Regions 2 Pre-discovered Areas 2 | . . 1 1 Known Exits Taken . | . . . . Unknown Exits Taken 3 | 1 1 1 . Scrap Searched 3 | . . 1 2 Spaces Dug . | . . . . Terrain Destroyed 4 | . 4 . . Melee . | . . . . Projectile . | . . . . AOE 4 | . 4 . . Terrain Rammed . | . . . . Walls Destroyed . | . . . . Machines Disabled . | . . . . Actions | -11 -10 -10 -10 --------- Run | Yrd Mat Min Sub Total 1537 | 52 127 695 663 Wait 26 | . . 8 18 Move 1359 | 42 116 613 588 Hop . | . . . . Pick Up 20 | 4 3 9 4 Fast Attach 6 | 4 1 . 1 Attach 7 | 2 . 5 . Detach 2 | . 1 1 . Swap 6 | . . 3 3 Drop 12 | . 1 6 5 Fire 93 | . 5 44 44 Melee . | . . . . Ram . | . . . . Kick 6 | . . 6 . Crush . | . . . . Escape Stasis . | . . . . Rewire . | . . . . Trap . | . . . . Miscellaneous . | . . . . Route ------- -11/Scrapyard -10/Materials (discovered 2 exits: [*Mat] / [*Min]) -10/Mines (discovered 3 exits: [*Mat x2] / [*Sub]) -10/Subcaves History --------- Turn | Location | Event 34 | -11/Scrapyard | Discovered new exit (range 16) 60 | -11/Scrapyard | Entered Materials 160 | -10/Materials | Discovered new exit (range 8) 191 | -10/Materials | Discovered new exit (range 9) 220 | -10/Materials | Entered Mines 265 | -10/Mines | Met a Derelict bent on vengeance 287 | -10/Mines | Discovered new exit (range 6) 300 | -10/Mines | Build established: Mutant 377 | -10/Mines | Found a hidden stash of uninstalled traps 456 | -10/Mines | Learned Materials stockpile data 599 | -10/Mines | Discovered new exit (range 5) 712 | -10/Mines | Build established: Scavenger-Mutant 800 | -10/Mines | Met a Derelict testing a Signal Generator 1039 | -10/Mines | Learned location of Storage (-8) 1105 | -10/Mines | Discovered new exit (range 6) 1111 | -10/Mines | Entered Subcaves 1112 | -10/Subcaves | Approached by a straggling Scientist 1114 | -10/Subcaves | Learned location of Zion (-7) 1295 | -10/Subcaves | Shifting Twisted Machinery released Sub. Monowheel 1297 | -10/Subcaves | Shifting Twisted Machinery released Sub. Power Source 1424 | -10/Subcaves | Learned 2 Materials zone layouts 1579 | -10/Subcaves | A swath of the cavern ceiling suddenly collapsed 1710 | -10/Subcaves | Core integrity fell below 50% 1743 | -10/Subcaves | Core integrity fell below 20% 1960 | -10/Subcaves | Destroyed by ER-ZUW(R) with Subdweller Machine Gun Last Messages --------------- 01579_ 8 Matter crushed. A swath of the cavern ceiling suddenly collapses. RO-MYM(c): "I think it's somewhere northwest of here" 01713_ ZN-TOS(R) destroyed. 01718_ Acquired 12 matter. RO-MYM(c): "I think it's somewhere northwest of here" 01749_ Sub. Monowheel melted. 01749_ V8-48Z(R) destroyed. 01752_ Acquired 16 matter. RO-MYM(c): "I think it's somewhere northwest of here" 01777_ Acquired 2 matter. 01781_ Dropped Lgt. Assault Rifle. 01781_ Acquired Sub. Laser. 01783_ Acquired 10 matter. RO-MYM(c): "I think it's somewhere northwest of here" RO-MYM(c): "I think it's somewhere west of here" 01943_ Heat Sink destroyed. 01953_ Disposable Heat Sink melted. 01953_ P5-INU(R) destroyed. 01957_ 9Y-DNW(R) destroyed. Map ----- +----------------------------------------------------+ | ?????????????????????????????????????????????????? | | ?????????????????????????????????????????????????? | | ?????????????????????????????????????????????????? | | ?????????????????????????????????????????????????? | | ?????????????????????????????????????????????????? | | ?????????????????????????????????????????????????? | | ?????????????????????????????????????????????????? | | ?????????????????????????????????????????????????? | | ?????????????????????????????????????????????????? | | ?????????????????????????????????????????????????? | | ?????????????????????????????????????????????????? | | ?????????????????????????????????????????????????? | | ?????????????????????????????????????????????????? | | ?????????????????????????????????????????????????? | | ?????????????????????????????????????????????????? | | ?????????????????????????????????????????????????? | | ?????????????????????????????????????????????????? | | ???????????????????###???????????????????????????? | | ????????????###??### ???????????????????????????? | | ????????????? ? % ???????????????????????????? | | ?????????????? ? ???????????????????????????? | | ??????????????? %? #???????????????????????????? | | ???????????????? ## "??###??????????????????????? | | ?????????????????# #"####[####???????????????????? | | ??????????????????# &R*=& ##??????????????????? | | ??????????????????# ####@" c#??????????????????? | | ??????????????????# #??## " #??????????????????? | | ??????????????????#% #???### "##?????????????????? | | ??????????????????*% #?????# #????###????? ????? | | ????????????????? ] #????## ##??# ##??? ????? | | ???????????????? % #????# ### ### #????? | | ??????????????? #????# #?????? | | ??????????????## %% #????## #??????? | | ???????????????# " ?????## ##??????? | | ???????????????# !! " ??????## ##???????? | | ???????????????""*%]#"???????## #????????? | | ???????????????" ! ?"????????# #????????? | | ????????????????## ?#????????## ##### #????????? | | ?????????????????# "???????????# ##???##????????? | | ?????????????????# "???????????# # #?????????????? | | ??????????????????"???????????## #?????????????? | | ??????????????????????????????# ####?????????????? | | ??????????????????????????????# #??????????????? | | ?????????????????????????????#### #??????????????? | | ????????????????????????????## # ##?????????????? | | ????????????????????????????# ## #?????????????? | | ????????????????????????????# # ##?????????????? | | ????????????????????????????# ## ##??????????????? | | ????????????????????????????### ##???????????????? | | ?????????????????????????????# #???????????????? | +----------------------------------------------------+ Best States ------------- Heat Dissipation 35 Energy Generation 14 Energy Capacity 250 Matter Stores 300 Matter Capacity 300 Sight Range 16 Terrain Scan Density 10 Evasion (%) 55 Item Schematics ----------------- None Robot Schematics ------------------ None Fabricated ------------ Nothing Repaired ---------- Nothing Studied --------- None Alien Tech Used ----------------- None Achievements -------------- None Challenges ------------ None Game ------ Seed HardlightDamperFlail Manual? 0 Play Time 00:15:32 Cumulative 666.2 hours Start 2026.07.11 @ 08:44:10 End 2026.07.11 @ 09:01:20 Sessions 1 Manual Loads 0 Difficulty Rogue Special Mode None Game No. 445 Rogue 445 Adventurer 0 Explorer 0 Win Type - Total 38 Types 25/1/6/6/0/0/0/0/0/0 Lore% 73 Gallery% 70 Achievement% 53 Wizard Run 0 Options --------- Layout 0 ASCII 1 Keyboard 0 Movement Numpad Keybinds 0 Fullscreen 2 Font 18/Smallcaps Map View 112x70 Zoom Use 0% Tactical HUD 1 Map Filters NONE Filters NONE Steam 1 RUN: 1df7b9f2-965d-4063-8a89-965fdaf7c620